 Dungeon Crawl Stone Soup version 0.28-a0-1404-g4df0f3684d (webtiles) character file.

Game seed: 3387376879295521914

162 HallandMoats the Covered (level 5, 0/41 HPs)
             Began as a Demonspawn Fighter on Jan 5, 2022.
             Slain by a river rat (3 damage)
             ... in a sewer.
             The game lasted 00:04:04 (2330 turns).

HallandMoats the Covered (Demonspawn Fighter)       Turns: 2330, Time: 00:04:06

Health: 0/41       AC:  8    Str: 16    XL:     5   Next: 19%
Magic:  5/5        EV:  9    Int: 10    God:
Gold:   102        SH:  6    Dex: 14    Spells: 4/4 levels left

rFire   . . .      SeeInvis .   b - +1 spear (vamp)
rCold   . . .      Faith    .   c - +1 buckler
rNeg    . . .      Spirit   .   e - +0 scale mail
rPois   .          Reflect  .   (helmet restricted)
rElec   .          Harm     .   (no cloak)
rCorr   .          Rampage  .   (no gloves)
Will    .....                   (no boots)
Stlth   ..........              (no amulet)
HPRegen 0.13/turn               (no ring)
MPRegen 0.18/turn               (no ring)

@: no status effects
A: horns 1, icy blue scales 1, magic regeneration
a: no special abilities


You were in a sewer.
You visited 1 branch of the dungeon, and saw 3 of its levels.
You also visited: Sewer.

You collected 102 gold pieces.

Inventory:

Hand Weapons
 a - a +0 war axe
 b - a +1 vampiric spear (weapon)
Armour
 c - a +1 buckler (worn)
 e - a +0 scale mail (worn)
Jewellery
 f - a +4 ring of protection
 j - a ring of flight
Scrolls
 m - a scroll of amnesia


   Skills:
 + Level 3.4 Fighting
 * Level 2.6 Axes
 * Level 3.5 Armour
 * Level 1.8 Dodging
 * Level 3.4 Shields


You had 4 spell levels left.
You didn't know any spells.
Your spell library was empty.

Dungeon Overview and Level Annotations

Branches:
Dungeon (3/15)              Sewer (1/1)

Altars:

Shops:
D:2 =


Innate Abilities, Weirdness & Mutations

You have a pair of small horns on your head.
You are partially covered in icy blue scales. (AC +2)
You regenerate magic rapidly.


Message History

The river rat is lightly wounded.
The river rat bites you.
* * * LOW HITPOINT WARNING * * *
The frilled lizard bites you but does no damage.
The river rat closely misses you. You block the rat's attack.
The river rat closely misses you.
You hit the rat.
You feel better.
You kill the rat!
The frilled lizard barely misses you. The river rat closely misses you.
The river rat bites you.
* * * LOW HITPOINT WARNING * * *
You barely miss the rat. Your headbutt misses the rat.
The frilled lizard bites you but does no damage.
The river rat barely misses you. You block the rat's attack.
The river rat bites you but does no damage.
You hit the rat.
You feel better.
You kill the rat!
You block the frilled lizard's attack. The river rat barely misses you.
The river rat bites you.
* * * LOW HITPOINT WARNING * * *
You hit the river rat.
You feel better.
Your headbutt misses the river rat.
The river rat is moderately wounded.
The frilled lizard bites you but does no damage.
The river rat bites you.
* * * LOW HITPOINT WARNING * * *
The river rat bites you.
* * * LOW HITPOINT WARNING * * *
The river rat misses you.
You miss the frilled lizard. The frilled lizard closely misses you.
The river rat completely misses you. You block the river rat's attack.
You closely miss the frilled lizard. The frilled lizard barely misses you.
The river rat closely misses you. x2; The frilled lizard closely misses you.
The river rat barely misses you.
You barely miss the frilled lizard. The river rat bites you.
* * * LOW HITPOINT WARNING * * *
The river rat bites you but does no damage. x2
The frilled lizard unfolds its giant frill.
The river rat twitches its whiskers.
The river rat bites you.
You die...

#†≈≈≈≈≈# #≈≈≈≈
#≈†≈≈≈≈# #≈≈≈≈
#≈≈≈≈≈≈# #≈≈≈#
#≈#≈≈≈≈# #≈≈≈≈
#≈≈≈≈≈≈# #≈≈≈≈
#≈≈≈≈≈≈# #≈≈≈≈
#≈≈≈≈≈≈# #≈≈≈≈ ≈
#rr≈≈≈≈# #≈≈≈≈ ≈.
#@rl≈..# #....
... ##lr....#
#....
....##+##.r....##
#..∩∩
.......#.......#
#....
..............##
##...
.............##
####
#####...######
#####


You could see 4 river rats, 2 frilled lizards and a rat.

Vanquished Creatures
  An orc wizard (D:2)
  3 adders (Sewer)
  2 river rats (Sewer)
  2 worms
  A dart slug (D:1)
  2 orcs (D:2)
  4 bats
  4 endoplasms
  2 giant cockroaches
  8 goblins
  6 hobgoblins
  7 jackals (D:1)
  10 kobolds
  4 quokkas
  3 ball pythons
  3 frilled lizards (D:2)
  21 rats
83 creatures vanquished.

Notes
Turn   | Place    | Note
-------+----------+-------------------------------------------
     0 | D:1      | HallandMoats the Demonspawn Fighter began the quest for the
                  | Orb.
     0 | D:1      | Reached XP level 1. HP: 18/18 MP: 1/1
    61 | D:1      | Gained mutation: You regenerate magic rapidly. [demonic
                  | ancestry]
    61 | D:1      | Reached XP level 2. HP: 10/24 MP: 2/2
   520 | D:1      | Gained mutation: You are partially covered in icy blue
                  | scales. (AC +2) [demonic ancestry]
   520 | D:1      | Reached XP level 3. HP: 21/29 MP: 3/3
   537 | D:1      | Reached skill level 1 in Dodging
   923 | D:2      | Found Miziguxy's Jewellery Emporium.
   926 | D:2      | Found a faded altar of an unknown god.
  1604 | D:2      | Reached XP level 4. HP: 28/35 MP: 4/4
  1928 | D:3      | Found a glowing drain.
  1967 | Sewer    | Entered a sewer
  2269 | Sewer    | Gained mutation: You have a pair of small horns on your
                  | head. [demonic ancestry]
  2269 | Sewer    | Reached XP level 5. HP: 41/41 MP: 5/5
  2330 | Sewer    | Slain by a river rat

Illustrated notes

Levels and vault maps discovered:
D:1:      onia_arrival_mini_maze, layout_rooms, st_stairs_7, minmay_octomino_c4
D:2:      layout_basic, serial_shops, shop, hellmonk_ecumenical_altar_run_dry
D:3:      layout_loops_cross, grunt_temple_overflow_open,
          cheibrodos_sewer_entry_bend
Sewer:    sewer_minmay_w

Skill      XL: |  1  2  3 |
---------------+----------+-----
Axes           | 2 |  2.6
Armour         | 3 |  3.5
Shields        | 3 |  3.4
Dodging        | 1 |  1.8
Fighting       | |  3.4

Action                   |  1- 3 |  4- 6 || total
-------------------------+-------+-------++-------
Melee: War axe           |    10 |       ||    10
       Spear             |   184 |   134 ||   318
       Headbutt          |       |     6 ||     6
  Use: Scroll            |       |     9 ||     9
       Potion            |       |     6 ||     6
Armor: Scale mail        |    96 |    74 ||   170
Dodge: Dodged            |    95 |    78 ||   173
Block: Buckler           |    45 |    50 ||    95

Table legend: (Time is in decaauts)
 A = Elapsed time spent in this place.
 B = Non-inter-level travel time spent in this place.
 C = Inter-level travel time spent in this place.
 D = Time resting spent in this place.
 E = Time spent auto-exploring this place.
 F = Levels seen in this place.
 G = Mean time per level.
                   A        B        C        D        E       F      G
               +--------+--------+--------+--------+--------+-----+--------+
         Total |   2365 |   2327 |     38 |    315 |   1423 |   4 |  591.2 |
       Dungeon |   1992 |   1954 |     38 |    187 |   1319 |   3 |  664.0 |
         Sewer |    373 |    373 |      0 |    128 |    104 |   1 |  373.0 |
               +--------+--------+--------+--------+--------+-----+--------+

Top non-repeatable levels by time:
     D:2: 952 daAuts
     D:1: 936 daAuts
   Sewer: 373 daAuts
     D:3: 103 daAuts
